 Dungeon Crawl Stone Soup version 0.29-a0-925-g0a7a3d12f8 (webtiles) character file.

Game seed: 10067637968177305558

3208 kae the Martial Artist (level 9, -1/72 HPs)
             Began as a Demonspawn Monk on July 27, 2022.
             Was an Elder of Qazlal.
             Slain by a manticore (5 damage)
             ... on level 8 of the Dungeon on July 28, 2022.
             The game lasted 00:10:33 (11875 turns).

kae the Martial Artist (Demonspawn Monk)           Turns: 11875, Time: 00:10:34

Health: -1/72      AC:  8    Str: 11    XL:     9   Next: 65%
Magic:  13/14      EV: 11    Int: 12    God:    Qazlal [****..]
Gold:   387        SH:  5    Dex: 20    Spells: 8/8 levels left

rFire   + . .      SeeInvis .     - Unarmed
rCold   . . .      Faith    .   (no shield)
rNeg    . . .      Spirit   .   g - +0 scale mail
rPois   .          Reflect  .   x - +0 hat
rElec   +          Harm     .   (no cloak)
rCorr   .          Rampage  .   y - +0 pair of gloves
Will    .....                   (boots unavailable)
Stlth   +.........              A - amulet of the acrobat
HPRegen 0.22/turn               (no ring)
MPRegen 0.28/turn               (no ring)

@: mighty, repel missiles
A: antennae 1, hooves 3, magic regeneration, fire resistance 1, electricity
resistance, sturdy frame 1
a: Renounce Religion, Upheaval, Elemental Force


You were on level 8 of the Dungeon.
You worshipped Qazlal.
Qazlal was greatly pleased with you.
You visited 2 branches of the dungeon, and saw 9 of its levels.
You also visited: Ossuary.

You collected 413 gold pieces.
You spent 26 gold pieces at shops.


Innate Abilities, Weirdness & Mutations

You have a pair of small antennae on your head.
You have hooves in place of feet.
You regenerate magic rapidly.
Your flesh is heat resistant. (rF+)
You are resistant to electric shocks. (rElec)
Your movements are slightly less encumbered by armour. (ER -2)


   Skills:
 + Level 7.2 Fighting
 + Level 4.5 Armour
 - Level 2.6 Dodging
 - Level 1.7 Stealth
 * Level 9.1 Unarmed Combat
 + Level 6.7 Invocations


You had 8 spell levels left.
You didn't know any spells.
Your spell library contained the following spells:

 Spells                   Type           Power      Damage    Failure   Level
 Foxfire                  Conj/Fire      0%         2x1d4     67%         1
 Magic Dart               Conj           0%         1d3       67%         1
 Ensorcelled Hibernation  Hex/Ice        0%         N/A       82%         2
 Passwall                 Tmut/Erth      0%         N/A       82%         2
 Searing Ray              Conj           0%         2d4       82%         2
 Sublimation of Blood     Necr           0%         N/A       82%         2
 Ozocubu's Armour         Ice            0%         N/A       96%         3
 Swiftness                Air            0%         N/A       96%         3
 Cause Fear               Hex            0%         N/A       100%        4
 Corpse Rot               Necr/Pois/Air  0%         N/A       100%        4
 Dispel Undead            Necr           0%         3d6       100%        4
 Fulminant Prism          Conj/Hex       0%         3d6       100%        4
 Death Channel            Necr           0%         N/A       100%        6
 Dragon Form              Tmut           0%         N/A       100%        7
 Ozocubu's Refrigeration  Ice            0%         4d5       100%        7
 Dragon's Call            Summ           0%         N/A       100%        9

Inventory:

Missiles
 c - 56 stones (quivered)
 d - a throwing net {=f!f}
 l - 22 poisoned darts
 p - 4 boomerangs
 s - 10 silver javelins
 t - 5 atropa-tipped darts
Armour
 g - a +0 scale mail (worn)
   (You took it off an orc on level 3 of the Dungeon)
 x - a +0 hat (worn)
   (You found it on level 6 of the Dungeon)
 y - a +0 pair of gloves (worn)
   (You found it on level 7 of the Dungeon)
Jewellery
 f - the amulet of Elemental Vulnerability {rPois rF-- rC-- AC+8}
   (You found it on level 4 of the Dungeon)

   [amulet of nothing]

   AC:        It affects your AC (+8).
   rF:        It makes you very vulnerable to fire.
   rC:        It makes you very vulnerable to cold.
   rPois:     It protects you from poison.
 A - an amulet of the acrobat (around neck)
   (You found it on level 3 of the Dungeon)
 O - a +4 ring of protection
   (You found it on level 8 of the Dungeon)
Wands
 u - a wand of polymorph (6)
   (You found it on level 6 of the Dungeon)
Scrolls
 k - a scroll of teleportation {@r4}
 m - 2 scrolls of immolation {!r!r}
 r - a scroll of enchant weapon
Potions
 b - 2 potions of ambrosia
 e - 5 potions of curing {@q1}
 h - a potion of degeneration {!q}
 i - 3 potions of mutation {!q}
 j - 3 potions of might
 n - 4 potions of flight
 o - 2 potions of brilliance {unknown}
 q - 6 potions of lignification {!q}
 v - a potion of attraction {unknown}
 w - 3 potions of berserk rage {unknown}
 z - a potion of haste {unknown}

Dungeon Overview and Level Annotations

Branches:
Dungeon (8/15) Zot: 26441  Temple (1/1) D:4 Zot: 5781 Ossuary (visited)
   Lair: D:8-11

Altars:
Ashenzari
Cheibriados
Dithmenos
Fedhas
Gozag
Hepliaklqana
Kikubaaqudgha
Makhleb
Nemelex Xobeh
Okawaru
Qazlal
Ru
Sif Muna
Trog
Uskayaw
Vehumet
Wu Jian
Xom
Yredelemnul

Shops:
D:6 ([(([   D:7 *

Annotations:
D:4 3 runed translucent doors, Megustar's ghost, amateur DEFE

###.##.#.........# .o.
###.##.##.......# ##.#
....##..........# #.#
#########.....#.# #.#
#####....##.# #.#
............# .
......#..##.#######...
.........°..##........
......#..§○.@H{.......
.....[#.##.°##........
..........○.#######...
####.#####.## .. ####
#....<..# . ...#
#########)# ##.#
#.....# #.#
##.###.....# #.#
...........###.#


You could see a manticore.


Message History

a +0 spear; a +0 robe
There is a stone staircase leading up here.
You hear a shout!
You hear a shout!
Maggie the Vainglorious comes into view.
She is wielding a +0 morningstar. 😎 HP[+1]
Your hp is fully restored (71).
Unknown command.
Unknown command.
You hear a shout!
An orc comes into view. It is wielding a +0 dagger.
You start waiting.
An orc is nearby!
You hear a shout! x2
The orc completely misses you.
Maggie gestures wildly while chanting.
Maggie attempts to bespell you! You resist with almost no effort.
You punch the orc!
You kill the orc!
Qazlal accepts your kill.
Maggie mumbles some strange words.
Maggie attempts to bespell you!
You are mesmerised by Maggie!
You cannot move away from Maggie!
Unknown command.
The orc wizard shouts!
Maggie hits you with a +0 morningstar!
You see here a +0 dagger. 😕 HP[-11]
You take 11 damage, and now have 60/71 hp.
You closely miss Maggie. You kick Maggie. Maggie barely misses you.
You barely miss Maggie. Your kick misses Maggie. You block Maggie's attack.
You hit Maggie but do no damage. You kick Maggie. Maggie completely misses you.
You hit Maggie but do no damage. You kick Maggie.
The orc priest calls down the wrath of Beogh upon you.
Beogh smites you! Maggie hits you with a +0 morningstar!
* * * LOW HITPOINT WARNING * * *
You hit Maggie. Your kick misses Maggie. You punch Maggie. 😨 HP[-25]
You take 25 damage, and now have 35/71 hp.
MASSIVE DAMAGE!! (PAUSE)
You hit Maggie but do no damage. Your kick misses Maggie.
Maggie barely misses you.
You closely miss Maggie. Your kick misses Maggie.
Maggie says, "Fear not.
I will immortalize you in the tale of my first kill."
Maggie hits you with a +0 morningstar.
* * * LOW HITPOINT WARNING * * *
😨 HP[-6]
You take 6 damage, and now have 29/71 hp.
Unknown command.
You feel very mighty all of a sudden. Maggie hits you with a +0 morningstar.
* * * LOW HITPOINT WARNING * * *
😨 HP[-4]
You take 4 damage, and now have 25/71 hp.
You punch Maggie!
The orc priest mumbles some strange prayers to Beogh against you.
Beogh smites you!
* * * LOW HITPOINT WARNING * * *
Maggie hits you with a +0 morningstar.
* * * LOW HITPOINT WARNING * * *
😱 HP[-14]
You take 14 damage, and now have 11/71 hp.
You punch Maggie! You kick Maggie. You punch Maggie.
The orc priest casts a cantrip, but nothing happens.
The orc wizard gestures wildly while chanting.
The orc wizard flickers and vanishes!
Deactivating autopickup; reactivate with Ctrl-A.
Maggie points at you and mumbles some strange words.
The bolt of fire misses you.
You hear a sizzling sound!
You punch Maggie!
You break out of your daze!
You kill Maggie!
Qazlal accepts your kill.
Your life force feels restored.
Your Unarmed Combat skill increases to level 9!
You now have 72 max hp (+1).
The orc priest closely misses you.
Things that are here:
a +0 morningstar; +0 acid dragon scales You hit the orc priest.
You punch the orc priest!
You kill the orc priest!
Qazlal accepts your kill.
You hear some strange, mumbled words.
Something tries to affect you, but you resist.
You hit the manticore. You kick the manticore!
You hear a shout!
The manticore bites you.
* * * LOW HITPOINT WARNING * * *
The manticore claws you.
* * * LOW HITPOINT WARNING * * *
The manticore claws you.
* * * LOW HITPOINT WARNING * * *
😱 HP[-7]
You take 7 damage, and now have 4/72 hp.
You pummel the manticore!! Your kick misses the manticore.
The manticore bites you but does no damage.
You block the manticore's attack. The manticore claws you.
You die...

Skill      XL: |  1  2  3  4  5  6  7  8  9 |
---------------+----------------------------+-----
Unarmed Combat | 3 4 5 6 8 9 |  9.1
Fighting       | 4 5 6 7 |  7.2
Invocations    | 1 3 5 6 |  6.7
Armour         | 2 3 4 |  4.5
Dodging        | |  2.6
Stealth        | |  1.7

Action                   |  1- 3 |  4- 6 |  7- 9 || total
-------------------------+-------+-------+-------++-------
Melee: Unarmed           |   140 |   254 |   334 ||   728
       Punch             |     5 |    13 |    22 ||    40
       Kick              |    33 |    95 |   127 ||   255
Evoke: Wand              |       |       |     1 ||     1
  Use: Scroll            |       |    11 |     6 ||    17
       Potion            |       |     2 |     3 ||     5
 Stab: Sleeping          |     7 |     4 |       ||    11
       Distracted        |       |     1 |       ||     1
Armor: Robe              |    29 |    22 |       ||    51
       Scale mail        |       |    38 |   103 ||   141
Dodge: Dodged            |    70 |   159 |   165 ||   394
Block: Other             |       |    11 |    60 ||    71

Levels and vault maps discovered:
D:1:      lightli_arrival_maybe_door_vault, layout_basic, basic_ecumenical_altar
D:2:      layout_loops_cross
D:3:      layout_loops_cross, minmay_curled_crystal
D:4:      minmay_razor_zed, layout_basic, gammafunk_ghost_split,
          hangedman_glass_teeth, roderic_batcave
D:5:      layout_rooms, nicolae_ossuary_entry_plus
D:6:      layout_layer_cave, minitemple, serial_shops,
          nicolae_shop_bloodbath_and_beyond, shop, kennysheep_mini, shop,
          nicolae_shop_behind_doors, serial_bayou_lagoon_a, nicolae_titane
D:7:      layout_basic, serial_shops, nicolae_square_shop
D:8:      layout_loops_cross, uniq_maggie
Temple:   nicolae_temple_slightly_damp_pantheon

Notes
Turn   | Place    | Note
-------+----------+-------------------------------------------
     0 | D:1      | kae the Demonspawn Monk began the quest for the Orb.
     0 | D:1      | Reached XP level 1. HP: 18/18 MP: 1/1
     0 | D:1      | magus.rc [v1.11.3]
   135 | D:1      | Reached skill level 3 in Unarmed Combat
   146 | D:1      | You feel monstrous as your demonic heritage exerts itself.
   146 | D:1      | Discovered your monstrous ancestry.
   146 | D:1      | Gained mutation: You have large cloven feet. [demonic
                  | ancestry]
   146 | D:1      | Reached XP level 2. HP: 15/24 MP: 2/2
   911 | D:1      | Reached XP level 3. HP: 13/29 MP: 3/3
  1216 | D:1      | You pick up a book of the Dragon and begin reading...
  1216 | D:1      | You add the spells Cause Fear, Dragon Form and Dragon's
                  | Call to your library.
  1304 | D:1      | Found a faded altar of an unknown god.
  1514 | D:2      | You pick up a book of Decay and begin reading...
  1514 | D:2      | You add the spells Corpse Rot, Dispel Undead and Death
                  | Channel to your library.
  1887 | D:2      | You pick up a book of Conjurations and begin reading...
  1887 | D:2      | You add the spells Magic Dart, Searing Ray and Fulminant
                  | Prism to your library.
  2027 | D:2      | Reached skill level 4 in Unarmed Combat
  2157 | D:2      | Reached XP level 4. HP: 37/37 MP: 4/4
  2903 | D:3      | You add the spells Ozocubu's Armour and Ozocubu's
                  | Refrigeration to your library.
  3094 | D:3      | Reached skill level 4 in Fighting
  3099 | D:3      | HP: 7/37 [orc/+0 club (4)]
  3101 | D:3      | HP: 2/37 [orc/+0 club (3)]
  3665 | D:4      | Gained mutation: You are resistant to electric shocks.
                  | (rElec) [potion of mutation]
  3665 | D:4      | Gained mutation: Your movements are slightly less
                  | encumbered by armour. (ER -2) [potion of mutation]
  3665 | D:4      | Gained mutation: Your flesh is heat resistant. (rF+)
                  | [potion of mutation]
  3694 | D:4      | Reached XP level 5. HP: 41/42 MP: 5/5
  4149 | D:4      | Reached skill level 5 in Unarmed Combat
  4441 | D:4      | Identified the +7 sling of Zol Sune {venom, Will+}
  4487 | D:4      | Found a runed translucent gate.
  4488 | D:4      | Found a runed translucent gate.
  4490 | D:4      | Found a runed translucent gate.
  4490 | D:4      | Noticed Megustar's ghost (amateur DEFE)
  4492 | D:4      | Found a staircase to the Ecumenical Temple.
  4495 | D:4      | Noticed a wyvern
  4499 | D:4      | You pick up a book of Burglary and begin reading...
  4499 | D:4      | You add the spells Passwall, Ensorcelled Hibernation and
                  | Swiftness to your library.
  4506 | Temple   | Entered the Ecumenical Temple
  4705 | Temple   | Became a worshipper of Qazlal Stormbringer
  4705 | Temple   | Reached * piety under Qazlal
  4705 | Temple   | Reached ** piety under Qazlal
  5104 | D:4      | Gained mutation: You have hoof-like feet. [demonic
                  | ancestry]
  5104 | D:4      | Reached XP level 6. HP: 23/49 MP: 6/6
  5310 | D:4      | Found the amulet of Elemental Vulnerability {rPois rF--
                  | rC-- AC+8}
  5371 | D:4      | Upgraded the game from 0.29-a0-923-g6e406bff71 to
                  | 0.29-a0-925-g0a7a3d12f8
  5371 | D:4      | magus.rc [v1.11.3]
  5729 | D:4      | Reached skill level 5 in Fighting
  6135 | D:5      | Entered Level 5 of the Dungeon
  6187 | D:5      | Reached skill level 6 in Unarmed Combat
  6258 | D:5      | Found a sand-covered staircase.
  6333 | Ossuary  | Entered an ossuary
  6454 | Ossuary  | Reached skill level 1 in Invocations
  6454 | Ossuary  | Gained mutation: You have hooves in place of feet. [demonic
                  | ancestry]
  6454 | Ossuary  | Reached XP level 7. HP: 47/56 MP: 7/7
  6465 | Ossuary  | Reached *** piety under Qazlal
  6501 | Ossuary  | HP: 13/56 [elf zombie (3)]
  6534 | Ossuary  | HP: 14/56 [elf zombie (2)]
  6540 | Ossuary  | HP: 14/56 [human zombie (1)]
  6541 | Ossuary  | Reached skill level 1 in Armour
  6544 | Ossuary  | Reached skill level 2 in Invocations
  7269 | D:6      | Found Qyujall's Weapon Boutique.
  7731 | D:6      | Reached skill level 2 in Armour
  7731 | D:6      | Reached skill level 3 in Invocations
  7913 | D:6      | Found Yneses's Armour Shoppe.
  7944 | D:6      | You add the spells Foxfire and Sublimation of Blood to your
                  | library.
  7944 | D:6      | Got the Teachings on Evil Flames
  8049 | D:6      | Gained mutation: You have a pair of small antennae on your
                  | head. [demonic ancestry]
  8049 | D:6      | Reached XP level 8. HP: 60/64 MP: 10/10
  8061 | D:6      | Reached skill level 7 in Unarmed Combat
  8091 | D:5      | HP: 9/61 [wight/+0 war axe (8)]
  8645 | D:6      | Reached skill level 4 in Invocations
  8786 | D:6      | Reached skill level 6 in Fighting
  8832 | D:6      | Reached skill level 3 in Armour
  8833 | D:6      | HP: 16/64 [acid (8)]
  9099 | D:6      | You pick up a book of Conjurations and begin reading...
  9254 | D:6      | Found Vyly's Weapon Emporium.
  9259 | D:6      | magus.rc [v1.11.3]
  9355 | D:6      | Found Ystikutu's Antique Armour Emporium.
  9378 | D:6      | Found Raofil's Antique Weapon Shoppe.
  9542 | D:6      | Reached skill level 8 in Unarmed Combat
  9542 | D:6      | Reached skill level 5 in Invocations
  9655 | D:6      | Found a hazy altar of Hepliaklqana.
  9657 | D:6      | Found a hide-covered altar of Uskayaw.
 10002 | D:7      | Found Iciph's General Store.
 10010 | D:7      | Bought a scroll of identify for 26 gold pieces
 10065 | D:7      | Gained mutation: You regenerate magic rapidly. [demonic
                  | ancestry]
 10065 | D:7      | Reached XP level 9. HP: 49/71 MP: 12/12
 10638 | D:7      | Reached skill level 4 in Armour
 10648 | D:7      | HP: 11/71 [killer bee (8)]
 10653 | D:7      | HP: 7/71 [poisoned by a killer bee]
 11023 | D:7      | Reached skill level 6 in Invocations
 11406 | D:8      | Reached **** piety under Qazlal
 11407 | D:8      | Reached skill level 7 in Fighting
 11409 | D:8      | Noticed a manticore
 11425 | D:8      | HP: 10/71 [manticore (11)]
 11425 | D:8      | HP: 1/71 [manticore (5)]
 11436 | D:8      | HP: 6/70 [orc wizard/+0 dagger (1)]
 11442 | D:8      | HP: 16/70 [orc priest/divine providence (11)]
 11847 | D:8      | Noticed Maggie
 11869 | D:8      | HP: 15/71 [orc priest/divine providence (11)]
 11871 | D:8      | Killed Maggie
 11872 | D:8      | Reached skill level 9 in Unarmed Combat
 11874 | D:8      | HP: 9/72 [manticore (3)]
 11874 | D:8      | HP: 4/72 [manticore (2)]
 11875 | D:8      | Slain by a manticore

Vanquished Creatures
  Maggie (D:8)
  A water moccasin (D:6)
  An ice beast (D:6)
  2 sky beasts (D:7)
  2 centaurs (D:6)
  3 phantoms
  A kobold brigand (D:7)
  An elf zombie (Ossuary)
  A bullfrog (D:7)
  3 scorpions (D:6)
  15 wights
  3 killer bees (D:7)
  2 howler monkeys (D:6)
  2 centaur zombies (Ossuary)
  A human zombie (Ossuary)
  An orc priest (D:8)
  4 hounds
  5 jellies
  2 iguanas
  4 orc wizards
  2 mummies (Ossuary)
  4 gnolls
  3 adders
  2 white imps
  An ufetubus (D:4)
  3 adder zombies (Ossuary)
  5 worms
  7 dart slugs
  13 orcs
  5 ball pythons
  5 endoplasms
  5 giant cockroaches
  9 goblins
  8 hobgoblins
  A jackal (D:4)
  6 quokkas
  14 bats
  3 frilled lizards
  8 hobgoblin zombies (Ossuary)
  A jackal zombie (Ossuary)
  23 kobolds
  10 kobold zombies (Ossuary)
  9 orc zombies (Ossuary)
  9 rats
  A rat zombie (Ossuary)
212 creatures vanquished.

Vanquished Creatures (others)
  29 plants (D:6)
29 creatures vanquished.

Grand Total: 241 creatures vanquished

Table legend:
 A = Non-vault XP
 B = Vault XP
 C = Vault XP percentage of total XP
 D = Non-vault monster count
 E = Vault monster count
 F = Vault count percentage of total count
                 A         B        C        D         E       F
            +---------+---------+-------+---------+---------+-------
      Total |    3808 |     776 |  16.9 |     154 |      58 |  27.4
            +---------+---------+-------+---------+---------+-------
        D:1 |      55 |       0 |   0.0 |      32 |       0 |   0.0
        D:2 |      61 |       0 |   0.0 |      22 |       0 |   0.0
        D:3 |     129 |       0 |   0.0 |      19 |       0 |   0.0
        D:4 |     316 |      77 |  19.6 |      22 |      19 |  46.3
        D:5 |     310 |       0 |   0.0 |       7 |       0 |   0.0
        D:6 |    1383 |       0 |   0.0 |      18 |       0 |   0.0
        D:7 |    1116 |       0 |   0.0 |      23 |       0 |   0.0
        D:8 |     438 |     389 |  47.0 |      11 |       1 |   8.3
    Ossuary |       0 |     310 | 100.0 |       0 |      38 | 100.0
            +---------+---------+-------+---------+---------+-------

Illustrated notes

Table legend:
 A = Kills in this place as a percentage of kills in entire the game.
 B = Kills by you in this place as a percentage of kills by you in the entire game.
 C = Kills by friends in this place as a percentage of kills by friends in the entire game.
 D = Other kills in this place as a percentage of other kills in the entire game.
 E = Experience gained in this place as a percentage of experience gained in the entire game.
 F = Experience gained in this place divided by the number of levels of this place that you have seen.
                   A       B       C       D       E      F
               +-------+-------+-------+-------+-------+----------------------
         Total | 100.0 | 100.0 |   N/A |   N/A | 100.0 | 458.4
       Dungeon |  82.1 |  82.1 |   N/A |   N/A |  93.2 | 534.2
       Ossuary |  17.9 |  17.9 |   N/A |   N/A |   6.8 | 310.0
               +-------+-------+-------+-------+-------+----------------------

Table legend: (Time is in decaauts)
 A = Elapsed time spent in this place.
 B = Non-inter-level travel time spent in this place.
 C = Inter-level travel time spent in this place.
 D = Time resting spent in this place.
 E = Time spent auto-exploring this place.
 F = Levels seen in this place.
 G = Mean time per level.
                   A        B        C        D        E       F      G
               +--------+--------+--------+--------+--------+-----+--------+
         Total |  11808 |  11401 |    407 |   3018 |   6769 |  10 | 1180.8 |
       Dungeon |  11002 |  10628 |    374 |   2746 |   6508 |   8 | 1375.2 |
        Temple |    218 |    186 |     32 |      0 |    158 |   1 |  218.0 |
       Ossuary |    587 |    587 |      0 |    272 |    103 |   1 |  587.0 |
               +--------+--------+--------+--------+--------+-----+--------+

Top non-repeatable levels by time:
     D:6: 1872 daAuts
     D:4: 1701 daAuts
     D:3: 1597 daAuts
     D:7: 1562 daAuts
     D:1: 1491 daAuts
     D:5: 1385 daAuts
     D:2: 1100 daAuts
 Ossuary: 587 daAuts
     D:8: 290 daAuts
  Temple: 218 daAuts
